 Dungeon Crawl Stone Soup version 0.21.1-1-g345015f (webtiles) character file.

553 kae the Insei (level 7, -1/51 HPs)
             Began as a Demonspawn Transmuter on June 14, 2018.
             Slain by Edmund
             ... wielding a +4 dire flail of draining
              (4 damage)
             ... on level 4 of the Dungeon.
             The game lasted 00:04:26 (3883 turns).

kae the Insei (Demonspawn Transmuter)               Turns: 3883, Time: 00:04:27

Health: -1/51      AC:  2    Str: 10    XL:     7   Next: 8%
Magic:  7/12       EV: 19    Int: 15    God:
Gold:   193        SH:  0    Dex: 20    Spells: 6/12 levels left

rFire    . . .     SeeInvis .     - Unarmed
rCold    . . .     Gourm    .   (shield currently unavailable)
rNeg     . . .     Faith    .   (armour currently unavailable)
rPois    x         Spirit   .   (helmet currently unavailable)
rElec    .         Reflect  .   (cloak currently unavailable)
rCorr    .         Harm     .   (gloves currently unavailable)
MR       .....                  (boots currently unavailable)
Stlth    ++........             (no amulet)
HPRegen  0.17/turn              (no ring)
MPRegen  0.13/turn              (no ring)

@: spider-form (expiring), very slightly contaminated, heavily drained
A: tiny, rot immunity
a: End Transformation


You were on level 4 of the Dungeon.
You were not hungry.
You were a venomous arachnid creature.
You visited 1 branch of the dungeon, and saw 4 of its levels.

You collected 193 gold pieces.

Inventory:

Missiles
 a - 84 arrows
Armour
 b - a +0 robe (melded)
 i - a +2 hat (melded)
 j - a +0 pair of boots (melded)
 k - a +1 pair of gloves (melded)
 v - a +1 buckler (melded)
Jewellery
 g - a cursed ring of teleportation {unknown}
 m - an uncursed amulet of guardian spirit
 q - an uncursed ring of ice {unknown}
Scrolls
 f - 2 scrolls of remove curse
 n - 2 scrolls of identify
 o - a scroll of teleportation
 t - a scroll of enchant weapon {unknown}
Potions
 e - 2 potions of brilliance
 h - a potion of curing
 l - a potion of ambrosia
 p - a potion of resistance {unknown}
 s - 2 potions of heal wounds
Books
 c - a book of Changes

   Spells                             Type                      Level
   a - Beastly Appendage              Transmutation                1
   b - Sticks to Snakes               Transmutation                2
   c - Spider Form                    Transmutation/Poison         3
   d - Ice Form                       Ice/Transmutation            4
   e - Blade Hands                    Transmutation                5
Comestibles
 d - 15 rations
 r - 6 chunks of flesh


   Skills:
 + Level 2.8(1.2) Fighting
 + Level 3.1(1.5) Dodging
 + Level 1.6(0.1) Shields
 * Level 4.6(2.9) Unarmed Combat
 + Level 3.3(1.6) Spellcasting
 + Level 3.1(1.5) Transmutations


You had 6 spell levels left.
You knew the following spells:

 Your Spells              Type           Power        Failure   Level  Hunger
a - Beastly Appendage     Tmut           #.....       28%         1    ##.....
b - Sticks to Snakes      Tmut           #.......     38%         2    ###....
c - Spider Form           Tmut/Pois      #.........   67%         3    ####...


Dungeon Overview and Level Annotations

Branches:
Dungeon (4/15)
 Temple: D:4-7

Altars:
Fedhas

Annotations:
D:3 olivier's ghost, amateur DrFi
D:4 Edmund


Innate Abilities, Weirdness & Mutations

((You have sharp toenails.))
((You are partially covered in slimy green scales. (AC +2)))
((You are partially covered in sharp spines.))
You are immune to rotting.


Message History

You are too injured to fight recklessly!
You hit Edmund.
Edmund looks as sick as possible!
Edmund is moderately wounded.
You are too injured to fight recklessly!
You are too injured to fight recklessly!
You hit Edmund.
Edmund is moderately wounded.
Edmund hits you with a dire flail of draining!
* * * LOW HITPOINT WARNING * * *
You feel drained.
You hit Edmund.
Edmund looks as sick as possible!
Edmund is heavily wounded.
Your transformation is almost over.
Edmund drinks a potion.
Edmund is healed!
Edmund looks more healthy.
You hit Edmund but do no damage.
Edmund is poisoned.
Edmund is moderately wounded.
Edmund hits you with a dire flail of draining!
* * * LOW HITPOINT WARNING * * *
You feel drained.
You die...

.. .#### #...... .# ##
###############
..............##
......@.........#
...## #s..[...<.#
..$.. #.#####.#.#
......#.# #.#.#
.>....#.#####.#.######
#...........#....##
#.#.##........#...##
##
#.#.##.##...#....... .
##.#.##.##...####.##.
#
##...[##.##...####...(


You could see Edmund.

Vanquished Creatures
  An ogre (D:4)
  A phantom (D:4)
  A howler monkey (D:4)
  2 bullfrog skeletons (D:4)
  2 orc wizards (D:4)
  Jessica (D:2)
  Natasha (D:2)
  4 gnolls (D:4)
  6 adders
  4 worms
  A dart slug (D:1)
  6 orcs
  6 bats
  5 giant cockroaches
  3 goblins
  7 hobgoblins
  7 jackals
  A quokka (D:2)
  2 ball pythons (D:4)
  4 frilled lizards
  6 kobolds
  5 rats
76 creatures vanquished.

Notes
Turn   | Place    | Note
-------+----------+-------------------------------------------
     0 | D:1      | kae the Demonspawn Transmuter began the quest for the Orb.
     0 | D:1      | Reached XP level 1. HP: 15/15 MP: 3/3
   555 | D:1      | Gained mutation: You are immune to rotting. [demonic ancestry]
   555 | D:1      | Reached XP level 2. HP: 21/21 MP: 5/5
   559 | D:1      | Learned a level 2 spell: Sticks to Snakes
   762 | D:1      | Reached skill level 3 in Unarmed Combat
  1363 | D:2      | Reached XP level 3. HP: 21/26 MP: 4/6
  1379 | D:2      | Learned a level 3 spell: Spider Form
  1557 | D:2      | Noticed Jessica
  1586 | D:2      | Killed Jessica
  1586 | D:2      | Gained mutation: You are partially covered in slimy green scales. (AC +2) [demonic ancestry]
  1586 | D:2      | Reached XP level 4. HP: 27/33 MP: 5/7
  1793 | D:2      | Noticed Natasha
  1798 | D:2      | Killed Natasha
  1808 | D:2      | Found a blossoming altar of Fedhas.
  2203 | D:3      | Noticed olivier's ghost (amateur DrFi)
  2274 | D:4      | Gained mutation: You have sharp toenails. [demonic ancestry]
  2274 | D:4      | Reached XP level 5. HP: 38/38 MP: 8/8
  3009 | D:4      | Reached skill level 4 in Unarmed Combat
  3137 | D:4      | Reached skill level 1 in Shields
  3146 | D:4      | Reached XP level 6. HP: 35/44 MP: 7/10
  3797 | D:4      | Gained mutation: You are partially covered in sharp spines. [demonic ancestry]
  3797 | D:4      | Reached XP level 7. HP: 47/51 MP: 9/12
  3873 | D:4      | Noticed Edmund
  3883 | D:4      | Slain by Edmund

Skill      XL: |  1  2  3  4  5  6 |
---------------+-------------------+-----
Unarmed Combat | 3 4 |  4.6
Dodging        | 2 3 |  3.1
Transmutations | 2 3 |  3.1
Fighting       | 2 |  2.8
Shields        | 1 |  1.6
Spellcasting   | 3 |  3.3

Action                   |  1- 3 |  4- 6 |  7- 9 || total
-------------------------+-------+-------+-------++-------
Melee: Unarmed           |    84 |   280 |     7 ||   371
       Kick              |     3 |       |       ||     3
       Headbutt          |     2 |    16 |       ||    18
       Punch             |     2 |       |       ||     2
 Cast: Beastly Appendage |    13 |    11 |       ||    24
       Spider Form       |     2 |     5 |     1 ||     8
  Use: Scroll            |       |    11 |       ||    11
       Potion            |       |     2 |       ||     2
 Stab: Sleeping          |       |     2 |       ||     2
  Eat: Chunk             |     2 |     9 |       ||    11
Armor: Robe              |    15 |    95 |       ||   110
       Skin              |     1 |     1 |       ||     2
Dodge: Dodged            |    63 |   154 |     1 ||   218
Block: Buckler           |       |    42 |       ||    42
